 Dungeon Crawl Stone Soup version 0.22-a0-469-gf26638a71f (webtiles) character file.

680 Underhill the Chiller (level 7, -6/41 HPs)
             Began as a Demonspawn Ice Elementalist on June 12, 2018.
             Was a Follower of Hepliaklqana.
             Mangled by an orc warrior
             ... wielding a +2 trident of venom
              (16 damage)
             ... on level 6 of the Dungeon.
             The game lasted 00:10:23 (5271 turns).

Underhill the Chiller (Demonspawn Ice Elementalist) Turns: 5271, Time: 00:10:24

Health: -6/41      AC:  3    Str: 10    XL:     7   Next: 34%
Magic:  8/12       EV: 15    Int: 19    God:    Hepliaklqana [*.....]
Gold:   214        SH:  3    Dex: 13    Spells: 6/12 levels left

rFire    . . .     SeeInvis .   f - +5 dagger (venom)
rCold    . . .     Gourm    .   (no shield)
rNeg     . . .     Faith    .   a - +0 robe
rPois    .         Spirit   .   (helmet restricted)
rElec    .         Reflect  +   (no cloak)
rCorr    .         Harm     .   l - +0 pair of gloves
MR       .....                  (no boots)
Stlth    ++........             j - +3 amulet of reflection
HPRegen  0.13/turn              k - +2 ring of strength
MPRegen  0.13/turn              (no ring)

@: lethally poisoned (-6 -> -25)
A: reduced essence, horns 2, repulsion field 2, demonic guardian 1, rot immunity
a: Recall Ancestor, Ancestor Identity, Renounce Religion


You were on level 6 of the Dungeon.
You worshipped Hepliaklqana.
Hepliaklqana was aware of your devotion.
You were hungry.

You visited 1 branch of the dungeon, and saw 6 of its levels.

You collected 304 gold pieces.
You spent 90 gold pieces at shops.

Inventory:

Hand Weapons
 f - a +5 dagger of venom (weapon)
 n - a +0 blowgun
 z - the +0 whip of the Silent Majority {elec, *Rage rPois rF- Int+9}
   (You found it on level 5 of the Dungeon)

   Occasionally, upon striking a foe, it will discharge some electrical energy
   and cause terrible harm.
   It affects your intelligence (+9).
   It makes you vulnerable to fire.
   It protects you from poison.
   It may make you go berserk in combat.
Missiles
 o - 3 curare-tipped needles
Armour
 a - a +0 robe (worn)
 l - a +0 pair of gloves (worn)
Jewellery
 j - a +3 amulet of reflection (around neck)
 k - a +2 ring of strength (left hand)
 y - a cursed -3 ring of strength
Scrolls
 e - 2 scrolls of amnesia
 g - a scroll of magic mapping
 i - 4 scrolls of remove curse
 p - a scroll of noise {unknown}
 r - 3 scrolls of teleportation
 u - a scroll of blinking
 v - 2 scrolls of fog {unknown}
 w - a scroll of immolation {unknown}
 A - a scroll of fear
Potions
 b - a potion of mutation {unknown}
 d - a potion of degeneration {unknown}
 h - a potion of lignification {unknown}
 m - 2 potions of curing
 q - a potion of agility {unknown}
 s - 2 potions of heal wounds {unknown}
 t - a potion of flight {unknown}
 x - a potion of cancellation {unknown}
 B - a potion of ambrosia {unknown}
Comestibles
 c - 7 rations


   Skills:
 - Level 4.1 Short Blades
 - Level 1.7 Dodging
 - Level 1.7 Stealth
 + Level 3.4 Spellcasting
 * Level 3.0 Conjurations
 + Level 5.1 Ice Magic


You had 6 spell levels left.
You knew the following spells:

 Your Spells              Type           Power        Failure   Level  Hunger
a - Freeze                Ice            ###.         1%          1    None
b - Throw Frost           Conj/Ice       ###...       4%          2    ##.....
c - Ozocubu's Armour      Chrm/Ice       ##......     16%         3    ###....

Your spell library contained the following spells:

 Spells                   Type           Power        Failure   Level  Hunger
 Summon Ice Beast         Ice/Summ       ##......     45%         4    ####...
 Throw Icicle             Conj/Ice       ###.....     26%         4    ####...


Dungeon Overview and Level Annotations

Branches:
Dungeon (6/15)             Temple (0/1) D:5

Altars:
Cheibriados
Fedhas
Hepliaklqana
Makhleb
Nemelex Xobeh
Ru
Yredelemnul

Shops:
D:5 *


Innate Abilities, Weirdness & Mutations

You have a pair of horns on your head.
You are surrounded by a moderate repulsion field. (EV +3)
A weak demonic guardian rushes to your aid.
You are immune to rotting.
Your life essence is reduced to manifest your ancestor. (-10% HP)


Message History

Your white imp gestures at the orc.
The puff of frost hits the orc.
The orc dies!
The orc hits your white imp with a hand axe.
* * * LOW HITPOINT WARNING * * *
You feel sick.
Cenhelm hits the orc warrior.
Your white imp barely misses the orc.
The orc hits your white imp with a hand axe.
Your white imp dies!
Casting: Throw Frost (safe; 4% risk of failure)
Confirm with . or Enter, or press ? or * to list all spells.
Aiming: Throw Frost (safe; 4% risk of failure)
Press: ? - help, Shift-Dir - straight line, f/p - orc warrior
Aim: an orc warrior, wielding a trident of venom and wearing a plate armour (lightly wounded)
The puff of frost hits the orc warrior.
The orc warrior is moderately wounded.
* * * LOW HITPOINT WARNING * * *
You feel sick.
The orc warrior hits you from afar with a trident of venom!
You die...

#.####### #........
###......# . #........#
.. ###........#####+#.# #
...................# #.
##..........>....# ..
#...........<<...#
#.#.@#.............#
#.R..#..#'#..........
.....)o)....#[#.##...#.#.
##....o).##.#.####.#.# #
#...>...##.#.. ....#
#.......##.### #...#
#.......##.# #...#
#......###. ...# #..<...#


You could see the friendly Cenhelm the ancestor, an orc warrior and an orc.

Vanquished Creatures
  A scorpion (D:4)
  A hound (D:2)
  An iguana (D:5)
  Natasha (thrice) (D:2)
  5 worker ants
  A gnoll (D:3)
  6 adders
  A howler monkey skeleton (D:5)
  An ooze (D:3)
  5 worms
  A dart slug (D:3)
  6 leopard geckos
  15 orcs
  12 hobgoblins
  6 jackals
  3 quokkas
  2 bats (D:3)
  7 frilled lizards
  3 goblins
  5 kobolds
  A quokka skeleton (D:4)
  5 rats
91 creatures vanquished.

Vanquished Creatures (collateral kills)
  A phantom (D:5)
  The ghost of alpinistek the Firebug, a weakling DsFE (D:3)
  A crimson imp (D:5)
  A bullfrog skeleton (D:4)
  An orc wizard (D:6)
  2 gnolls (D:3)
  An adder (D:5)
  2 orcs (D:6)
  2 rats (D:3)
12 creatures vanquished.

Grand Total: 103 creatures vanquished

Notes
Turn   | Place    | Note
-------+----------+-------------------------------------------
     0 | D:1      | Underhill the Demonspawn Ice Elementalist began the quest for the Orb.
     0 | D:1      | Reached XP level 1. HP: 13/13 MP: 3/3
   445 | D:1      | Reached skill level 3 in Ice Magic
   870 | D:1      | Gained mutation: You are surrounded by a mild repulsion field. (EV +2) [demonic ancestry]
   870 | D:1      | Reached XP level 2. HP: 5/19 MP: 3/5
  1222 | D:2      | Learned a level 2 spell: Throw Frost
  1427 | D:2      | Reached skill level 1 in Short Blades
  1475 | D:2      | Noticed Natasha
  1483 | D:2      | Noticed a crimson imp
  1484 | D:2      | Killed Natasha
  1484 | D:2      | Gained mutation: You have a pair of small horns on your head. [demonic ancestry]
  1484 | D:2      | Reached XP level 3. HP: 10/24 MP: 3/6
  1582 | D:2      | Gained mutation: You have a pair of horns on your head. [demonic ancestry]
  1582 | D:2      | Reached XP level 4. HP: 18/30 MP: 3/7
  1742 | D:2      | Found a blossoming altar of Fedhas.
  1743 | D:2      | Found a basalt altar of Yredelemnul.
  1743 | D:2      | Found a sacrificial altar of Ru.
  1743 | D:2      | Found a snail-covered altar of Cheibriados.
  1934 | D:2      | Noticed Natasha
  1938 | D:2      | Killed Natasha
  2234 | D:2      | Gained mutation: A weak demonic guardian rushes to your aid. [demonic ancestry]
  2234 | D:2      | Reached XP level 5. HP: 32/35 MP: 8/8
  2294 | D:2      | Noticed Natasha
  2304 | D:2      | Killed Natasha
  2668 | D:2      | Found a burning altar of Makhleb.
  3073 | D:3      | Noticed alpinistek's ghost (weakling DsFE)
  3087 | D:3      | Killed alpinistek's ghost
  3405 | D:3      | Gained mutation: You are immune to rotting. [demonic ancestry]
  3405 | D:3      | Reached XP level 6. HP: 33/41 MP: 9/9
  3690 | D:3      | Found a sparkling altar of Nemelex Xobeh.
  3923 | D:4      | Found a hazy altar of Hepliaklqana.
  3944 | D:4      | Became a worshipper of Hepliaklqana the Forgotten
  4036 | D:4      | Reached skill level 4 in Ice Magic
  4670 | D:5      | Entered Level 5 of the Dungeon
  4715 | D:5      | Reached * piety under Hepliaklqana
  4842 | D:5      | Gained mutation: You are surrounded by a moderate repulsion field. (EV +3) [demonic ancestry]
  4842 | D:5      | Reached XP level 7. HP: 41/41 MP: 11/11
  4854 | D:5      | Found Neorop's General Store.
  4862 | D:5      | Bought a scroll of blinking for 90 gold pieces
  4889 | D:5      | Got a scorched whip
  4890 | D:5      | Identified the +0 whip of the Silent Majority {elec, *Rage rPois rF- Int+9} (You found it on level 5 of the Dungeon)
  4901 | D:5      | Found a staircase to the Ecumenical Temple.
  5012 | D:5      | Reached skill level 5 in Ice Magic
  5131 | D:5      | Learned a level 3 spell: Ozocubu's Armour
  5271 | D:6      | Mangled by an orc warrior

Vault maps used:
D:1:      nzn_arrival_water_spiral
D:2:      wad_river_or_something, makhleb_blood_cavern_becter,
          grunt_temple_overflow_open, uniq_natasha
D:3:      marbit_many_paths, first_ration
D:4:      kennysheep_mini_moat, minmay_goblin_kobold_house
D:5:      minmay_temple_entry_overgrown, serial_shops, shop
D:6:      lemuel_round_altar, uniq_sigmund

Skill      XL: |  1  2  3  4  5  6  7 |
---------------+----------------------+-----
Ice Magic      | 3 4 5 |  5.1
Short Blades   | 2 3 4 |  4.1
Conjurations   | 2 3 |  3.0
Spellcasting   | 3 |  3.4
Dodging        | |  1.7
Stealth        | |  1.7

Action                   |  1- 3 |  4- 6 |  7- 9 || total
-------------------------+-------+-------+-------++-------
Melee: Whip              |    27 |       |     2 ||    29
       Dagger            |    22 |   201 |    18 ||   241
       Headbutt          |       |    21 |     2 ||    23
 Cast: Freeze            |    14 |     5 |       ||    19
       Throw Frost       |       |       |     2 ||     2
Invok: Recall Ancestor   |       |     1 |       ||     1
  Use: Scroll            |     7 |     2 |       ||     9
       Potion            |     2 |       |       ||     2
 Stab: Sleeping          |     1 |     6 |     1 ||     8
  Eat: Chunk             |     2 |    11 |       ||    13
Armor: Robe              |     2 |    14 |       ||    16
Dodge: Dodged            |    34 |    98 |    11 ||   143
Block: Other             |       |    10 |     3 ||    13

Table legend:
 A = Spawn XP
 B = Non-spawn XP
 C = Spawn XP percentage of total XP
 D = Spawn monster count
 E = Non-spawn monster count
 F = Spawn count percentage of total count
 G = Total turns spent on level
                    A         B        C        D         E        F      G
               +---------+---------+-------+---------+---------+-------+---------
         Total |       0 |     972 |   0.0 |       0 |     103 |   0.0 |  5271
               +---------+---------+-------+---------+---------+-------+---------
           D:1 |       0 |      12 |   0.0 |       0 |       9 |   0.0 |  1006
           D:2 |       0 |     230 |   0.0 |       0 |      21 |   0.0 |  1901
           D:3 |       0 |     180 |   0.0 |       0 |      39 |   0.0 |   946
           D:4 |       0 |     211 |   0.0 |       0 |      19 |   0.0 |   817
           D:5 |       0 |     292 |   0.0 |       0 |       9 |   0.0 |   573
           D:6 |       0 |      47 |   0.0 |       0 |       6 |   0.0 |    28
               +---------+---------+-------+---------+---------+-------+---------
